 Dungeon Sprint DCSS version 0.26.1 (webtiles) character file.

Game seed: 17225339281681682258

1721 Groucho the Unseen (level 8, -15/36 HPs)
             Began as a Spriggan Enchanter on Feb 7, 2021.
             Was a Follower of Uskayaw.
             Hit by a large rock thrown by a cyclops (51 damage)
             ... in the Dungeon (Sprint VII: "The Pits").
             The game lasted 00:09:31 (1725 turns).

Groucho the Unseen (Spriggan Enchanter)             Turns: 1725, Time: 00:09:32

Health: -15/36     AC:  2    Str:  6    XL:     8   Next: 75%
Magic:  24/24      EV: 28    Int: 19    God:    Uskayaw [*.....]
Gold:   0          SH:  0    Dex: 20    Spells: 17/29 levels left

rFire    . . .     SeeInvis +   m - +3 dagger (speed)
rCold    . . .     Faith    .   (shield restricted)
rNeg     . . .     Spirit   .   b - +0 robe
rPois    .         Reflect  .   (helmet restricted)
rElec    .         Harm     .   (no cloak)
rCorr    .         Rampage  .   (gloves unavailable)
Will     +....     NoTele   +   (boots unavailable)
Stlth    +++++++...             (no amulet)
HPRegen  0.12/turn              n - +3 ring of intelligence
MPRegen  0.19/turn              o - +3 ring of dexterity

@: very quick
A: very small, unfitting armour, see invisible, speed 3
a: Renounce Religion, Stomp


You were in the Dungeon.
You worshipped Uskayaw.
Uskayaw was noncommittal.
You visited 1 branch

Inventory:

Hand Weapons
 c - a +2 dagger
 m - a +3 dagger of speed (weapon)
 q - a +2 rapier of distortion
Armour
 b - a +0 robe (worn)
Jewellery
 n - a +3 ring of intelligence (left hand)
 o - a +3 ring of dexterity (right hand)
Scrolls
 i - a scroll of blinking
 j - 3 scrolls of remove curse
 k - 5 scrolls of amnesia
 l - a scroll of summoning
Potions
 a - 2 potions of invisibility
 d - 11 potions of curing
 e - 8 potions of heal wounds
 f - 3 potions of haste
 g - 4 potions of magic
 h - 3 potions of berserk rage
 p - a potion of resistance


   Skills:
 + Level 7.9 Short Blades
 + Level 10.6 Dodging
 + Level 16.1 Stealth
 + Level 11.2 Spellcasting
 + Level 11.4 Hexes


You had 17 spell levels left.
You knew the following spells:

 Your Spells              Type           Power        Failure   Level
a - Corona                Hex            57%          1%          1
b - Ensorcelled Hibernat  Hex/Ice        64%          1%          2
c - Confusing Touch       Hex            52%          1%          3
d - Tukima's Dance        Hex            52%          1%          3
e - Dazzling Flash        Conj/Hex       64%          1%          3

Your spell library contained the following spells:

 Spells                   Type           Power        Failure   Level


Dungeon Overview and Level Annotations

Branches:
Dungeon (1/1)

Altars:
Ashenzari
Cheibriados
Dithmenos
Elyvilon
Fedhas
Gozag
Hepliaklqana
Kikubaaqudgha
Makhleb
Nemelex Xobeh
Okawaru
Qazlal
Ru
Sif Muna
Trog
Uskayaw
Vehumet
Wu Jian
Xom
Yredelemnul
Zin
The Shining One
Beogh
Jiyva
Lugonu


Innate Abilities, Weirdness & Mutations

You are very small and have problems with some larger weapons.
You are too small for most types of armour.
You have supernaturally acute eyesight. (SInv)
You cover ground extremely quickly.


Message History

There is an open door here.
There is an open door, spattered with blood here.
Items here: ) [[ †.
There is an open door here.
Things that are here:
a cursed +0 long sword; a +0 robe
There is an open door here.
There is an open door to the Storerooms (Easy) here.
You open the huge gate.
A gnoll comes into view.
There is a huge open gate to the Metal Vault (Medium) here.
There is a huge open gate to the Metal Vault (Medium) here.
A redback comes into view.
A cyclops comes into view.
The helpless gnoll fails to defend itself.
You spit the gnoll like a pig!!!!
You kill the gnoll!
The cyclops throws a large rock.
The large rock hits you!!!
Ouch! That really hurt!
You die...

###.##................+
.....'................+
'#####......#..#......#
.#..##................#
.#))#####'#####''#####
##))##.......##''#
.#))##.......##..#
.#[[##.......##..#
##+###...<...##.@#
....##.......##..#
....##.......##..#
######.......##...#
.#..###########.sC.+
.#[############...##
.#)#..†.#..[[##..##
.#'#....#..[[##..#
.#)'....'..))##..#


You could see a cyclops and a redback.

Vanquished Creatures
  A two-headed ogre (D)
  An orange demon (D)
  A spriggan (D)
  A warg (D)
  A floating eye (D)
  An ice beast (D)
  3 wights (D)
  A crimson imp (D)
  An orc priest (D)
  An orc wizard (D)
  A jelly (D)
  Jessica (D)
  A worker ant (D)
  A gnoll (D)
  A river rat (D)
  An ooze (D)
  2 orcs (D)
  A bat zombie (D)
  7 jackals (D)
  A kobold (D)
  A quokka (D)
  2 rats (D)
32 creatures vanquished.

Notes
Turn   | Place    | Note
-------+----------+-------------------------------------------
     0 | D        | Groucho the Spriggan Enchanter began the quest for the Orb.
     0 | D        | Reached XP level 1. HP: 9/9 MP: 5/5
    13 | D        | Reached skill level 6 in Stealth
    13 | D        | Reached XP level 2. HP: 13/13 MP: 5/7
    16 | D        | Found a bloodstained altar of Trog.
    16 | D        | Found a shimmering blue altar of Sif Muna.
    16 | D        | Found a viscous altar of Jiyva.
    16 | D        | Found a hazy altar of Hepliaklqana.
    16 | D        | Found an opulent altar of Gozag.
    40 | D        | Found a glowing golden altar of the Shining One.
    40 | D        | Found a glowing silver altar of Zin.
    40 | D        | Found a basalt altar of Yredelemnul.
    40 | D        | Found a shimmering altar of Xom.
    40 | D        | Found an ornate altar of the Wu Jian Council.
    40 | D        | Found a sacrificial altar of Ru.
    40 | D        | Found a stormy altar of Qazlal.
    40 | D        | Found an iron altar of Okawaru.
    40 | D        | Found a sparkling altar of Nemelex Xobeh.
    40 | D        | Found a burning altar of Makhleb.
    40 | D        | Found a blossoming altar of Fedhas.
    40 | D        | Found a white marble altar of Elyvilon.
    40 | D        | Found a shadowy altar of Dithmenos.
    40 | D        | Found a snail-covered altar of Cheibriados.
    43 | D        | Found a corrupted altar of Lugonu.
    43 | D        | Found a radiant altar of Vehumet.
    43 | D        | Found a roughly hewn altar of Beogh.
    44 | D        | Found a broken altar of Ashenzari.
    44 | D        | Found an ancient bone altar of Kikubaaqudgha.
    44 | D        | Found a hide-covered altar of Uskayaw.
    84 | D        | Became a worshipper of Uskayaw the Reveller
   104 | D        | Reached * piety under Uskayaw
   105 | D        | Reached ** piety under Uskayaw
   111 | D        | Reached *** piety under Uskayaw
   112 | D        | Reached skill level 7 in Stealth
   140 | D        | Reached skill level 9 in Stealth
   140 | D        | Reached skill level 5 in Hexes
   140 | D        | Reached XP level 3. HP: 16/16 MP: 10/10
   142 | D        | Reached skill level 5 in Spellcasting
   151 | D        | Learned a level 2 spell: Ensorcelled Hibernation
   155 | D        | Learned a level 3 spell: Confusing Touch
   159 | D        | Learned a level 3 spell: Tukima's Dance
   163 | D        | Learned a level 3 spell: Dazzling Flash
   427 | D        | Noticed a warg
   443 | D        | Killed a warg
   444 | D        | Reached skill level 12 in Stealth
   444 | D        | Reached XP level 4. HP: 17/21 MP: 4/13
   444 | D        | Reached XP level 5. HP: 19/24 MP: 4/15
  1014 | D        | Noticed a floating eye
  1015 | D        | Noticed an ice beast
  1016 | D        | Killed a floating eye
  1017 | D        | Reached skill level 13 in Stealth
  1017 | D        | Reached XP level 6. HP: 28/28 MP: 16/18
  1018 | D        | Killed an ice beast
  1019 | D        | Reached skill level 5 in Dodging
  1039 | D        | Reached skill level 14 in Stealth
  1347 | D        | Noticed Jessica
  1349 | D        | Killed Jessica
  1350 | D        | Reached XP level 7. HP: 31/32 MP: 20/20
  1353 | D        | Noticed a two-headed ogre
  1355 | D        | Killed a two-headed ogre
  1356 | D        | Reached skill level 15 in Stealth
  1356 | D        | Reached skill level 10 in Spellcasting
  1356 | D        | Reached skill level 10 in Hexes
  1356 | D        | Reached XP level 8. HP: 35/36 MP: 20/23
  1370 | D        | Reached **** piety under Uskayaw
  1587 | D        | Noticed an orange demon
  1621 | D        | Reached skill level 10 in Dodging
  1630 | D        | Killed an orange demon
  1631 | D        | Reached skill level 16 in Stealth
  1721 | D        | Noticed a cyclops
  1725 | D        | Hit by a large rock thrown by a cyclops

Illustrated notes

Levels and vault maps discovered:
D:        pitsprint [storerooms_1, entrance_room_1, metal_vault_3, armoury_1,
          mini_pit_1, grid_room_1, main_hall_1, silver_pit, the_coven_2,
          the_vestibule_1, steel_vault_5, golden_pit, hallway_of_sentries,
          crystal_vault_3, iron_vault_5, final_vault]

Skill      XL: |  1  2  3  4  5  6  7  8 |
---------------+-------------------------+-----
Stealth        | 6 9 12 13 14 15 16 | 16.1
Spellcasting   | 3 4 6 8 9 10 11 | 11.2
Hexes          | 4 5 7 8 9 10 11 | 11.4
Short Blades   | 2 4 6 7 |  7.9
Dodging        | 4 6 9 10 | 10.6

Action                   |  1- 3 |  4- 6 |  7- 9 || total
-------------------------+-------+-------+-------++-------
Melee: Dagger            |    18 |    37 |    21 ||    76
 Cast: Ensorcelled Hiber |     3 |    12 |     7 ||    22
       Confusing Touch   |       |     3 |     1 ||     4
Invok: Line Pass         |     1 |     2 |       ||     3
 Stab: Sleeping          |     9 |     6 |     7 ||    22
       Confused          |     1 |     4 |     1 ||     6
       Paralysed         |       |     1 |     1 ||     2
Armor: Robe              |     3 |     3 |       ||     6
Dodge: Dodged            |     6 |    32 |     7 ||    45
